 Dungeon Crawl Stone Soup version 0.27-a0-1177-g245c70e1c0 (webtiles) character file.

Game seed: 316883266537226142

1806 Glokmah the Magician (level 9, -11/67 HPs)
             Began as a Djinni Fire Elementalist on May 16, 2021.
             Mangled by Maggie
             ... wielding a +0 halberd
              (18 damage)
             ... on level 6 of the Dungeon.
             The game lasted 00:12:21 (7380 turns).

Glokmah the Magician (Djinni Fire Elementalist)     Turns: 7380, Time: 00:12:22

Health: -11/67     AC:  5    Str:  7    XL:     9   Next: 31%
Gold:   284        EV: 16    Int: 20    God:
                   SH:  0    Dex: 14

rFire    + + .     SeeInvis .   w - +2 flail (antimagic)
rCold    x . .     Faith    .   (no shield)
rNeg     . . .     Spirit   .   h - +2 robe
rPois    ∞         Reflect  .   e - +0 hat
rElec    .         Harm     .   q - +0 cloak
rCorr    .         Rampage  .   (no gloves)
Will     +....                  (boots unavailable)
Stlth    ++........             (no amulet)
HPRegen  0.21/turn              v - ring of willpower
MPRegen  0.00/turn              t - +4 ring of evasion

@: flying, mesmerised, very slightly contaminated
A: sickness immunity, fire resistance 2, cold vulnerability 1, float, innate
caster, hp casting, extra vitality 1
a: no special abilities


You were on level 6 of the Dungeon.
You visited 1 branch of the dungeon, and saw 6 of its levels.

You collected 284 gold pieces.

Inventory:

Hand Weapons
 a - a +0 rapier of venom
 w - a +2 antimagic flail (weapon)
Missiles
 d - 45 stones
 j - 14 poisoned darts (quivered)
Armour
 e - a +0 hat (worn)
 h - a +2 robe (worn)
 q - a +0 cloak (worn)
Jewellery
 b - an amulet of faith
 p - a +4 ring of slaying
 t - a +4 ring of evasion (right hand)
 v - a ring of willpower (left hand)
Wands
 c - a wand of paralysis (12)
 u - a wand of acid (2)
 x - a wand of mindburst (14)
 y - a wand of flame (8)
Scrolls
 r - a scroll of enchant weapon
 z - a scroll of teleportation
Potions
 f - 3 potions of might
 g - 2 potions of mutation
 i - a potion of resistance
 m - a potion of degeneration {unknown}
 o - a potion of curing {unknown}
 s - a potion of berserk rage {unknown}


   Skills:
 + Level 6.4 Fighting
 - Level 2.1 Dodging
 - Level 1.5 Stealth
 * Level 7.6 Spellcasting


You couldn't memorise any spells.
You knew the following spells:

 Your Spells              Type           Power      Damage    Failure   Level
a - Foxfire               Conj/Fire      100%       2x1d9     1%          1
b - Sting                 Tmut/Pois      100%       1d8       1%          1
c - Inner Flame           Hex/Fire       38%        N/A       1%          3
d - Sticky Flame          Conj/Fire      38%        2d6       3%          4
e - Fireball              Conj/Fire      19%        3d9       11%         5
f - Conjure Flame         Conj/Fire      38%        6-21      1%          3
g - Call Imp              Summ           38%        N/A       1%          2
h - Portal Projectile     Hex/Tloc       76%        N/A       1%          3
i - Animate Armour        Summ/Erth      76%        N/A       3%          4
Your spell library was empty.

Dungeon Overview and Level Annotations

Branches:
Dungeon (6/15)
 Temple: D:4-7

Altars:
Vehumet
Yredelemnul

Annotations:
D:6 Maggie


Innate Abilities, Weirdness & Mutations

You are immune to sickness and miasma.
You are immune to poison.
Your flesh is very heat resistant. (rF++)
You are vulnerable to cold. (rC-)
You float through the air rather than walking.
You learn spells naturally, not from books.
Your magical power is your life essence.
You have superior vitality. (+4 HP)


Message History

Aiming: Fireball (dangerous; 11% risk of failure)
Press: ? - help, Shift-Dir - straight line, f/p - Maggie
Aim: Maggie, wielding a +0 halberd and wearing +0 steam dragon scales (heavily wounded)
You miscast Fireball.
You are very lightly contaminated with residual magic.
Nothing appears to happen.
The wyvern zombie barely misses you. The orc completely misses you.
Maggie mumbles some strange words.
Maggie attempts to bespell you!
You are mesmerised by Maggie!
Unknown command.
Casting: Fireball (dangerous; 11% risk of failure)
Confirm with . or Enter, or press ? or * to list all spells.
Aiming: Sticky Flame (dangerous; 3% risk of failure)
Press: ? - help, Shift-Dir - straight line, f - wyvern zombie, p - Maggie
Aim: a wyvern zombie (moderately damaged, 100% to hit)
Okay, then.
Casting: Sticky Flame (dangerous; 3% risk of failure)
Confirm with . or Enter, or press ? or * to list all spells.
Aiming: Fireball (dangerous; 11% risk of failure)
Press: ? - help, Shift-Dir - straight line, f/p - Maggie
Aim: Maggie, wielding a +0 halberd and wearing +0 steam dragon scales (heavily wounded, mesmerising)
You miscast Fireball.
Nothing appears to happen.
The wyvern zombie closely misses you.
Maggie points at you and mumbles some strange words.
The bolt of fire misses you.
Unknown command.
The wyvern zombie closely misses you. Maggie gestures at you while chanting.
The bolt of fire hits you. You resist.
* * * LOW HITPOINT WARNING * * *
Casting: Fireball (dangerous; 11% risk of failure)
Confirm with . or Enter, or press ? or * to list all spells.
You conjure some foxfire!
* * * LOW HITPOINT WARNING * * *
The wyvern zombie bites you!
* * * LOW HITPOINT WARNING * * *
The foxfire hits the phantom but does no damage.
Maggie hits you with a +0 halberd!!
You die...

..............#
..............#
...............
...............
.<...........
...........
#######..Z......
........o.......
#######@@W#...... ###
#......>v........
......###.#####......
#.# #.# #.....
#..#####.# ....# #.
#.......# .###
<.#######..#### .
#...........# ..
#........##.#


You could see Maggie (mesmerising, ally target), a phantom, an orc and a wyvern
zombie.

Vanquished Creatures
  Grinder (D:6)
  Edmund (D:5)
  A water moccasin (D:5)
  An orc warrior (D:5)
  2 ogres
  2 phantoms
  A bullfrog (D:4)
  2 scorpions
  A howler monkey (D:5)
  A bullfrog zombie (D:6)
  A jelly (D:4)
  2 hounds (D:5)
  A centaur zombie (D:6)
  3 orc priests
  2 centaur skeletons
  Crazy Yiuf (D:4)
  A bullfrog skeleton (D:6)
  Terence (D:3)
  3 iguanas (D:5)
  16 adders
  4 gnolls (D:4)
  2 shadow imps
  2 worms
  A dart slug (D:4)
  8 orcs
  10 bats
  6 endoplasms
  A giant cockroach (D:2)
  5 goblins
  3 hobgoblins
  10 jackals
  7 quokkas
  7 ball pythons
  5 frilled lizards
  7 kobolds
  6 rats
128 creatures vanquished.

Vanquished Creatures (others)
  377 foxfires
  3 fungi (D:4)
  16 plants
396 creatures vanquished.

Grand Total: 524 creatures vanquished

Notes
Turn   | Place    | Note
-------+----------+-------------------------------------------
     0 | D:1      | Glokmah the Djinni Fire Elementalist began the quest for
                  | the Orb.
     0 | D:1      | Reached XP level 1. HP: 15/15 MP: 0/0
    47 | D:1      | Reached XP level 2. HP: 7/22 MP: 0/0
   438 | D:1      | Reached skill level 1 in Fighting
   848 | D:1      | Reached XP level 3. HP: 18/27 MP: 0/0
   848 | D:1      | Learned a level 1 spell: Sting
   857 | D:1      | Reached skill level 3 in Spellcasting
  1542 | D:2      | Reached XP level 4. HP: 31/32 MP: 0/0
  2044 | D:2      | Found a faded altar of an unknown god.
  2201 | D:3      | Noticed Terence
  2208 | D:3      | Killed Terence
  2209 | D:3      | Reached XP level 5. HP: 4/38 MP: 0/0
  2209 | D:3      | Learned a level 2 spell: Call Imp
  3202 | D:3      | Reached skill level 4 in Spellcasting
  3434 | D:4      | Reached XP level 6. HP: 39/45 MP: 0/0
  3886 | D:4      | Noticed an ogre
  3891 | D:4      | Killed an ogre
  3892 | D:4      | Reached XP level 7. HP: 46/50 MP: 0/0
  3892 | D:4      | Learned a level 3 spell: Portal Projectile
  3976 | D:4      | Found a basalt altar of Yredelemnul.
  3984 | D:4      | You are sucked into a shaft and drop 1 floor!
  3984 | D:5      | Entered Level 5 of the Dungeon
  4003 | D:5      | Reached skill level 5 in Spellcasting
  4576 | D:4      | Found a runed translucent door.
  4577 | D:4      | Noticed Crazy Yiuf
  4679 | D:4      | Killed Crazy Yiuf
  4976 | D:4      | Reached XP level 8. HP: 52/58 MP: 0/0
  5543 | D:5      | Reached skill level 6 in Spellcasting
  5645 | D:5      | Noticed Edmund
  5653 | D:5      | Killed Edmund
  5654 | D:5      | Reached skill level 5 in Fighting
  6704 | D:5      | Reached skill level 7 in Spellcasting
  6704 | D:5      | Reached XP level 9. HP: 49/66 MP: 0/0
  6704 | D:5      | Learned a level 4 spell: Animate Armour
  6991 | D:6      | Noticed Grinder
  7007 | D:6      | Killed Grinder
  7370 | D:6      | Noticed Maggie
  7380 | D:6      | Mangled by Maggie

Illustrated notes

Levels and vault maps discovered:
D:1:      evilmike_arrival_plus, layout_rooms, minmay_misc_feat_five,
          st_stairs_6
D:2:      wad_lake_hut, layout_loops_cross,
          hellmonk_ecumenical_altar_arch_garden, minmay_three_crescents
D:3:      layout_basic, uniq_terence
D:4:      layout_loops_ring, general_overflow_altar, marbit_many_paths,
          uniq_crazy_yiuf_cottage
D:5:      minmay_skewed_foursquare, layout_loops_corners, portal_sewer_entry_d,
          moated_statue, guppyfry_early_lair_pool, uniq_edmund
D:6:      layout_rooms, tgw_sif, trog_antimagical, fedhas_altar_3, uniq_grinder,
          uniq_maggie

Skill      XL: |  1  2  3  4  5  6  7  8  9 |
---------------+----------------------------+-----
Fighting       | 1 2 3 4 5 6 |  6.4
Spellcasting   | 3 4 5 7 |  7.6
Dodging        | |  2.1
Stealth        | |  1.5

Action                   |  1- 3 |  4- 6 |  7- 9 || total
-------------------------+-------+-------+-------++-------
Melee: Short sword       |    18 |     4 |       ||    22
       Rapier            |       |     7 |     9 ||    16
       Flail             |       |       |    19 ||    19
 Cast: Foxfire           |    40 |   107 |    96 ||   243
       Inner Flame       |       |     3 |     1 ||     4
       Sting             |       |     3 |       ||     3
       Sticky Flame      |       |       |    17 ||    17
       Fireball          |       |       |     7 ||     7
       Animate Armour    |       |       |     2 ||     2
  Use: Scroll            |       |     4 |     7 ||    11
Armor: Robe              |     5 |     3 |    17 ||    25
Dodge: Dodged            |    27 |    21 |    80 ||   128

Table legend: (Time is in decaauts)
 A = Elapsed time spent in this place.
 B = Non-inter-level travel time spent in this place.
 C = Inter-level travel time spent in this place.
 D = Time resting spent in this place.
 E = Time spent auto-exploring this place.
 F = Levels seen in this place.
 G = Mean time per level.
                   A        B        C        D        E       F      G
               +--------+--------+--------+--------+--------+-----+--------+
         Total |   7391 |   7200 |    191 |   1562 |   4617 |   6 | 1231.8 |
       Dungeon |   7391 |   7200 |    191 |   1562 |   4617 |   6 | 1231.8 |
               +--------+--------+--------+--------+--------+-----+--------+

Top non-repeatable levels by time:
     D:5: 1981 daAuts
     D:4: 1587 daAuts
     D:1: 1272 daAuts
     D:3: 1231 daAuts
     D:2: 925 daAuts
     D:6: 393 daAuts
